 Dungeon Crawl Stone Soup version 0.20-a0-217-g17e8ceb (webtiles) character file.

240 Gorice the Bolt Thrower (level 6, -4/34 HPs)
             Began as a Kobold Arcane Marksman on Nov 28, 2016.
             Slain by a scorpion (6 damage)
             ... on level 4 of the Dungeon.
             The game lasted 00:09:35 (1214 turns).

Gorice the Bolt Thrower (Kobold Arcane Marksman)    Turns: 1214, Time: 00:09:36

Health: -4/34      AC:  6    Str: 11    XL:     6   Next: 30%
Magic:  2/7        EV: 14    Int: 14    God:
Gold:   72         SH:  0    Dex: 14    Spells: 4/7 levels left

rFire  . . .     SeeInvis .     o - +0 flail
rCold  . . .     Gourm    .     l - +0 ring mail (curse)
rNeg   . . .     Faith    .     (shield restricted)
rPois  .         Spirit   .     (no helmet)
rElec  .         Reflect  .     i - +0 cloak
rCorr  .         Harm     .     (no gloves)
MR     .....                    (no boots)
Stlth  +.........               (no amulet)
                                (no ring)
                                s - +1 ring of evasion

@: lethally poisoned (-4 -> -19), very slightly contaminated
A: carnivore 3
a: no special abilities


You were on level 4 of the Dungeon.
You were very full.

You visited 1 branch of the dungeon, and saw 3 of its levels.

You collected 72 gold pieces.

Inventory:

Hand Weapons
 a - a +0 hand crossbow
 g - a +0 dagger
 k - a +0 short sword
 o - a +0 flail (weapon)
Missiles
 d - 5 bolts
 Z - 28 stones (quivered)
Armour
 e - a +0 robe
 i - a +0 cloak (worn)
 l - a cursed +0 ring mail (worn)
 p - a +0 chain mail
Jewellery
 s - a +1 ring of evasion (left hand)
Scrolls
 b - a scroll of fog
 m - 3 scrolls of amnesia
Potions
 q - a potion of heal wounds {!q}
 t - 2 potions of experience {unknown}
Books
 c - a book of Debilitation
Comestibles
 f - a meat ration {!e}
 r - a beef jerky


   Skills:
 - Level 1.1 Fighting
 * Level 6.1 Crossbows
 - Level 2.4 Dodging
 - Level 1.1 Spellcasting
 + Level 4.5 Hexes


You had 4 spell levels left.
You knew the following spells:

 Your Spells              Type           Power        Failure   Level  Hunger
a - Corona                Hex            ##.....      12%         1    ##.....
b - Slow                  Hex            ##......     17%         2    ###....


Dungeon Overview and Level Annotations

Branches:
Dungeon (2/15)

Altars:
Dithmenos

Annotations:
D:4 anet's ghost, amateur HEFE


Innate Abilities, Weirdness & Mutations

You are small and have problems with some larger weapons.
You are carnivorous and can eat meat at any time.


Message History

Aiming: Corona
Press: ? - help, Shift-Dir - straight line, f - orc
Aim: an orc, wielding a club and wearing a leather armour (chance to defeat MR: 67%)
You miscast Corona.
Your skin tingles.
The orc misses you.
Your ring mail prevents you from hitting the orc.
The orc misses you.
You thump the orc!
You kill the orc!
You hit the scorpion.
The scorpion is lightly wounded.
The scorpion stings you but does no damage.
You hit the scorpion but do no damage.
The scorpion is lightly wounded.
The scorpion stings you but does no damage.
The scorpion completely misses you.
You hit the scorpion.
The scorpion is moderately wounded.
The scorpion misses you.
You hit the scorpion but do no damage.
The scorpion is moderately wounded.
The scorpion stings you. The scorpion misses you.
Damage: 2 (max 5)
Your ring mail prevents you from hitting the scorpion.
The scorpion is moderately wounded.
The scorpion closely misses you.
You hit the scorpion but do no damage.
The scorpion is moderately wounded.
The scorpion stings you.
Damage: 1 (max 5)
Your ring mail prevents you from hitting the scorpion.
The scorpion is moderately wounded.
The scorpion stings you!
* * * LOW HITPOINT WARNING * * *
You are poisoned.
The scorpion poisons you! The scorpion stings you.
* * * LOW HITPOINT WARNING * * *
You are more poisoned.
The scorpion poisons you!
Damage: 12 (max 12)
You closely miss the scorpion.
The scorpion is moderately wounded.
* * * LOW HITPOINT WARNING * * *
You feel very sick. The scorpion closely misses you.
Damage: 3 (max 12)
You completely miss the scorpion.
The scorpion is moderately wounded.
* * * LOW HITPOINT WARNING * * *
You feel sick. The scorpion barely misses you. The scorpion stings you.
You die...

..# ..###
#########....#
o....>o......#
#......##
###.#.....
#.(........
#.^#s#.#.....
#.##@#.# ####
#.#..#.. .
#.###.# s. #.#
.. ..###.# #.#
..##...####
##......#
#.......#
#.#.....#


You could see a scorpion.

Vanquished Creatures
  2 scorpions (D:4)
  An orc priest (D:4)
  Jessica (D:2)
  Terence (D:2)
  An adder (D:2)
  An ooze (D:2)
  3 worms
  3 leopard geckos (D:2)
  3 orcs (D:4)
  A giant cockroach (D:1)
  3 goblins (D:1)
  3 hobgoblins
  2 kobolds (D:2)
  A ball python (D:2)
  4 bats
  2 frilled lizards (D:2)
  3 rats
35 creatures vanquished.

Notes
Turn   | Place    | Note
-------+----------+-------------------------------------------
     0 | D:1      | Gorice the Kobold Arcane Marksman began the quest for the Orb.
     0 | D:1      | Reached XP level 1. HP: 12/12 MP: 2/2
   115 | D:1      | Reached XP level 2. HP: 16/16 MP: 3/3
   170 | D:1      | Reached skill level 3 in Crossbows
   435 | D:2      | Reached XP level 3. HP: 20/20 MP: 4/4
   445 | D:2      | Found a shadowy altar of Dithmenos.
   498 | D:2      | Noticed Terence
   505 | D:2      | Killed Terence
   505 | D:2      | Reached skill level 4 in Crossbows
   524 | D:2      | Reached XP level 4. HP: 25/25 MP: 5/5
   762 | D:2      | Noticed Jessica
   798 | D:2      | Killed Jessica
   880 | D:2      | Reached XP level 5. HP: 29/29 MP: 4/6
   929 | D:2      | Reached skill level 4 in Hexes
   946 | D:2      | You fall through a shaft for 2 floors!
   950 | D:4      | Noticed anet's ghost (amateur HEFE)
   992 | D:4      | Reached skill level 5 in Crossbows
  1005 | D:4      | HP: 8/29 [poisoned by a scorpion]
  1012 | D:4      | Reached XP level 6. HP: 23/34 MP: 1/7
  1150 | D:4      | Learned a level 2 spell: Slow
  1197 | D:4      | Reached skill level 6 in Crossbows
  1212 | D:4      | HP: 7/34 [scorpion (5)]
  1214 | D:4      | HP: 2/34 [poisoned by a scorpion]
  1214 | D:4      | Slain by a scorpion

Vault maps used:
D:1:      lemuel_arrival_rhombus
D:2:      nicolae_dithmenos_shadow_blocks, first_bread, minivault_23,
          uniq_terence, uniq_jessica
D:4:      old_forge, kennysheep_decorative_pillar, hangedman_decor_push,
          uniq_blork_the_orc, uniq_robin

Skill      XL: |  1  2  3  4  5  6 |
---------------+-------------------+-----
Crossbows      | 3 4 5 6 |  6.1
Hexes          | 4 |  4.5
Fighting       | |  1.1
Dodging        | |  2.4
Spellcasting   | |  1.1

Action                   |  1- 3 |  4- 6 || total
-------------------------+-------+-------++-------
Melee: Flail             |       |    32 ||    32
 Fire: Hand crossbow     |    44 |    50 ||    94
 Cast: Corona            |     1 |    28 ||    29
  Use: Potion            |       |     1 ||     1
       Scroll            |       |     4 ||     4
  Eat: Chunk             |     7 |     3 ||    10
Armor: Ring mail         |       |    18 ||    18
Dodge: Dodged            |     5 |    69 ||    74

Table legend:
 A = Turns spent in this place as a percentage of turns spent in the entire game.
 B = Non-inter-level travel turns spent in this place as a percentage of non-inter-level travel turns spent in the entire game.
 C = Inter-level travel turns spent in this place as a percentage of turns spent in this place.
 D = Turns resting spent in this place as a percentage of non-inter-level travel turns spent in this place.
 E = Turns spent auto-exploring this place as a percentage of non-inter-level travel turns spent in this place.
 F = Non-inter-level travel turns spent in this place divided by the number of levels of this place that you've seen.
                   A       B       C       D       E      F
               +-------+-------+-------+-------+-------+----------------------
         Total | 100.0 | 100.0 |   0.2 |   2.2 |   5.3 | 183.7
       Dungeon | 100.0 | 100.0 |   0.2 |   2.2 |   5.3 | 183.7
               +-------+-------+-------+-------+-------+----------------------

Vault maps used:
D:1:      lemuel_arrival_rhombus
D:2:      nicolae_dithmenos_shadow_blocks, first_bread, minivault_23,
          uniq_terence, uniq_jessica
D:4:      old_forge, kennysheep_decorative_pillar, hangedman_decor_push,
          uniq_blork_the_orc, uniq_robin
